 Dungeon Crawl Stone Soup version 0.30-a0-1053-gbd8d5ba0ad (webtiles) character file.

Game seed: 14056691181638391683

97 domi the Digger (level 5, 0/38 HPs)
             Began as a Meteoran Earth Elementalist on Apr 11, 2023.
             Slain by a phantom (4 damage)
             ... on level 4 of the Dungeon.
             The game lasted 00:03:10 (398 turns).

domi the Digger (Meteoran Earth Elementalist)        Turns: 398, Time: 00:03:10

Health: 0/38       AC:  3    Str: 10    XL:     5   Next: 20%
Magic:  9/10       EV: 12    Int: 18    God:
Gold:   27         SH:  0    Dex: 14    Spells: 3/9 levels left

rFire   . . .      SeeInvis .    i - +1 short sword (drain)
rCold   . . .      Faith    .    (no shield)
rNeg    . . .      Spirit   .    a - +1 robe
rPois   .          Reflect  .    (no helmet)
rElec   .          Rampage  .    (no cloak)
rCorr   .                        (no gloves)
Will    .....                    (no boots)
Stlth   +                        (no amulet)
HPRegen 0.26/turn                (no ring)
MPRegen 0.12/turn                (no ring)

@: glowing
A: sense surroundings 1, otherworldly, glowing, explore regen
a: no special abilities


You were on level 4 of the Dungeon.
You visited 2 branches of the dungeon, and saw 5 of its levels.

You collected 27 gold pieces.

Inventory:

Hand Weapons
 i - a +1 short sword of draining (weapon)
   (You took it off a kobold on level 4 of the Dungeon)
Armour
 a - a +1 robe (worn)
Wands
 h - a wand of roots (7)
   (You found it on level 3 of the Dungeon)
Scrolls
 e - a scroll of teleportation {unknown}
Potions
 b - a potion of magic
 c - a potion of berserk rage {unknown}
 g - a potion of mutation {unknown}


   Skills:
 - Level 2.4 Dodging
 - Level 1.4 Stealth
 - Level 2.6 Spellcasting
 + Level 2.5 Conjurations
 - Level 1.2 Transmutations
 + Level 5.7 Earth Magic


You had 3 spell levels left.
You knew the following spells:

 Your Spells              Type           Power      Damage    Failure   Level
x - Stone Arrow           Conj/Erth      34%        3d9       10%         3
z - Sandblast             Erth           44%        2d11      1%          1
N - Passwall              Tmut/Erth      11%        N/A       6%          2

Your spell library contained the following spells:

 Spells                   Type           Power      Damage    Failure   Level
 Petrify                  Tmut/Erth      14%        N/A       38%         4


Dungeon Overview and Level Annotations

Branches:
Dungeon (4/15) Zot: 2078   Temple (1/1) D:4 Zot: 506

Altars:
Elyvilon
Fedhas
Nemelex Xobeh
Okawaru
Ru
Sif Muna
Trog
Wu Jian
Xom
Yredelemnul
Zin

Shops:
D:1 (   D:4 (


Innate Abilities, Weirdness & Mutations

You passively map a small area around you.
You are easily found by Zot.
You glow in the dark.
You regain HP and MP as you explore.


Message History

You feel sick.
You feel sick.
A dart slug, a hobgoblin, a jelly and a kobold come into view.
The kobold is wielding a +1 short sword of draining.
You feel sick.
You are no longer poisoned.
The hobgoblin shouts!
The jelly quivers.
You can't see any susceptible monsters within range! (Use Z to cast anyway.) Unknown command.
Aim: a kobold, wielding a +1 short sword of draining (79% to hit)
The blast of sand misses the kobold.
The dart slug launches a dart at you. The slug dart hits you.
Aim: a kobold, wielding a +1 short sword of draining (79% to hit)
You miscast Sandblast.
You are very lightly contaminated with residual magic.
Nothing appears to happen.
Aim: a kobold, wielding a +1 short sword of draining (79% to hit)
The blast of sand hits the jelly!
The jelly hits you.
You are splashed with acid!
Aim: a kobold, wielding a +1 short sword of draining (79% to hit)
The blast of sand hits the kobold!!
You kill the kobold!
The jelly barely misses you. The jelly hits you but does no damage.
The jelly attacks as you move away! The jelly hits you.
You are splashed with acid!
* * * LOW HITPOINT WARNING * * *
Aim: a jelly (severely wounded, 100% to hit)
The blast of sand hits the jelly!!
You kill the jelly!
Your Conjurations skill increases to level 2!
Aim: a hobgoblin (83% to hit)
The blast of sand hits the hobgoblin!
You kill the hobgoblin!
Your magical contamination has completely faded away.
Aim: a dart slug (100% to hit)
The blast of sand hits the dart slug!
You kill the dart slug!
Things that are here:
a +1 short sword of draining; a kobold corpse
i - a +1 short sword of draining You sense an unholy aura.
i - a +1 short sword of draining (weapon)
A gnoll comes into view. It is wielding a +0 spear.
The gnoll shouts!
A gnoll comes into view. It is wielding a +0 halberd.
The gnoll shouts!
You hear an angry hiss.
The gnoll moves out of view.
Aim: a gnoll, wielding a +0 spear (85% to hit)
The blast of sand hits the gnoll.
An iguana comes into view.
Aim: a gnoll, wielding a +0 spear (heavily wounded, 85% to hit)
The blast of sand misses the gnoll.
The gnoll hits you from afar with a +0 spear.
The gnoll hits you but does no damage.
Aim: a gnoll, wielding a +0 spear (moderately wounded, 85% to hit)
The blast of sand hits the gnoll!
You kill the gnoll!
The gnoll barely misses you.
You have reached level 5!
You see here a dart slug corpse.
There is a staircase to the Ecumenical Temple here.
Aim: a gnoll, wielding a +0 halberd (85% to hit)
The blast of sand hits the gnoll!
The gnoll completely misses you.
Aim: a gnoll, wielding a +0 halberd (black smoke, severely wounded, 85% to hit)
The blast of sand misses the gnoll.
The gnoll misses you.
Aim: a gnoll, wielding a +0 halberd (black smoke, heavily wounded, 85% to hit)
The blast of sand hits the gnoll.
The gnoll closely misses you.
The gnoll hits you from afar with a +0 halberd.
Found a stone staircase leading down.
A scorpion comes into view.
The scorpion moves out of view.
Found a scroll labelled CENOC UBBI.
Found a stone staircase leading up.
A phantom comes into view.
Found a stone staircase leading down.
Things that are here:
a +0 dagger; a kobold corpse The scorpion attacks as you move away!
The scorpion closely misses you.
Aim: a gnoll, wielding a +0 halberd (severely wounded, 85% to hit)
The blast of sand hits the gnoll!
You kill the gnoll!
The scorpion stings you. x2
Aim: a scorpion (83% to hit)
The blast of sand hits the scorpion.
The scorpion closely misses you. The scorpion stings you! The phantom hits you.
* * * LOW HITPOINT WARNING * * *
Unknown command.
As you read the scroll labelled CARGHO OMEMEEQ, it crumbles to dust.
It is a scroll of enchant armour.
Your +0 robe glows green for a moment.
The scorpion stings you but does no damage.
The phantom hits you.
* * * LOW HITPOINT WARNING * * *
The iguana bites you but does no damage.
As you read the scroll labelled CENOC UBBI, it crumbles to dust.
The scroll dissolves into smoke.
It was a scroll of fog.
The scorpion stings you but does no damage.
The phantom hits you.
You die...

............#
............#
.............#
#.............#
#............<### *,
##.........§...... ,
###........§§§?...##
?......>...§@W....>.
#.........ls§§.....,
#..##.###§######## *
,, #......)..## # ,
* ####l###...### .,
#.##..#...## .# ,
#..#.####..####.# ..
* , ##....# ##.##...
. ,, #######l#
#..#.#**.#


You could see a phantom, a scorpion and an iguana.

Vanquished Creatures
  A jelly (D:4)
  2 gnolls (D:4)
  3 adders (D:4)
  A dart slug (D:4)
  A ball python (D:1)
  A giant cockroach (D:1)
  A hobgoblin (D:4)
  6 jackals
  A bat (D:1)
  A goblin (D:3)
  3 kobolds (D:4)
  A rat (D:1)
22 creatures vanquished.

Notes
Turn   | Place    | Note
-------+----------+-------------------------------------------
     0 | D:1      | domi the Meteoran Earth Elementalist began the quest for
                  | the Orb.
     0 | D:1      | Reached XP level 1. HP: 14/14 MP: 5/5
    51 | D:1      | Found Hateck's Antique Weapon Shop.
   114 | D:1      | Reached skill level 4 in Earth Magic
   138 | D:2      | Reached XP level 2. HP: 20/20 MP: 3/6
   204 | D:4      | Found Ibig's Weapon Shop.
   206 | D:4      | Reached XP level 3. HP: 26/26 MP: 6/8
   210 | D:4      | Learned a level 3 spell: Stone Arrow
   213 | D:4      | Learned a level 2 spell: Passwall
   230 | D:4      | Reached skill level 5 in Earth Magic
   246 | D:4      | Found a staircase to the Ecumenical Temple.
   252 | Temple   | Entered the Ecumenical Temple
   350 | D:4      | Reached skill level 1 in Conjurations
   350 | D:4      | Reached XP level 4. HP: 28/33 MP: 6/9
   360 | D:4      | Reached skill level 2 in Conjurations
   371 | D:4      | Reached XP level 5. HP: 18/38 MP: 1/10
   392 | D:4      | Noticed a phantom
   396 | D:4      | HP: 7/38 [phantom (5)]
   397 | D:4      | HP: 3/38 [phantom (4)]
   398 | D:4      | Slain by a phantom

Illustrated notes

Levels and vault maps discovered:
D:1:      minmay_arrival_radiant_lines, layout_basic, serial_shops, shop,
          basic_ecumenical_altar, chequers_serial_rivers_micro_a,
          kennysheep_minor_cross
D:2:      layout_loops_ring, serial_shops, shop
D:3:      layout_basic, nicolae_dithmenos_the_darkroom,
          mainiacjoe_overflow_surrounded_room, portal_sewer_entry_b,
          kennysheep_another_room, uniq_ijyb, uniq_natasha
D:4:      layout_rooms, gammafunk_temple_overflow_statue,
          chequers_temple_overflow_minitemple, minmay_temple_entry_metal_lava,
          serial_shops, shop, uniq_blork_the_orc, uniq_robin
Temple:   minmay_temple_curvy_loop

Skill      XL: |  1  2  3  4 |
---------------+-------------+-----
Earth Magic    | 4 5 |  5.7
Conjurations   | 1 2 |  2.5
Dodging        | |  2.4
Stealth        | |  1.4
Spellcasting   | |  2.6
Transmutations | |  1.2

Action                     |  1- 3 |  4- 6 || total
---------------------------+-------+-------++-------
   Cast: Sandblast         |    21 |    14 ||    35
    Use: Scroll            |       |     2 ||     2
 Armour: Robe              |     2 |     5 ||     7
  Dodge: Dodged            |     9 |     7 ||    16

Table legend: (Time is in decaauts)
 A = Elapsed time spent in this place.
 B = Non-inter-level travel time spent in this place.
 C = Inter-level travel time spent in this place.
 D = Time resting spent in this place.
 E = Time spent auto-exploring this place.
 F = Levels seen in this place.
 G = Mean time per level.
                   A        B        C        D        E       F      G
               +--------+--------+--------+--------+--------+-----+--------+
         Total |    414 |    405 |      9 |      0 |      4 |   5 |   82.8 |
       Dungeon |    320 |    320 |      0 |      0 |      4 |   4 |   80.0 |
        Temple |     93 |     84 |      9 |      0 |      0 |   1 |   93.0 |
               +--------+--------+--------+--------+--------+-----+--------+

Top non-repeatable levels by time:
     D:1: 121 daAuts
     D:4: 112 daAuts
  Temple: 93 daAuts
     D:3: 47 daAuts
     D:2: 39 daAuts

Table legend:
 A = Kills in this place as a percentage of kills in the entire game.
 B = Kills by you in this place as a percentage of kills by you in the entire game.
 C = Kills by friends in this place as a percentage of kills by friends in the entire game.
 D = Other kills in this place as a percentage of other kills in the entire game.
 E = Experience gained in this place as a percentage of experience gained in the entire game.
 F = Experience gained in this place divided by the number of levels of this place that you have seen.
                   A       B       C       D       E      F
               +-------+-------+-------+-------+-------+----------------------
         Total | 100.0 | 100.0 |   N/A |   N/A | 100.0 |  27.8
       Dungeon | 100.0 | 100.0 |   N/A |   N/A | 100.0 |  34.8
               +-------+-------+-------+-------+-------+----------------------
